 Dungeon Crawl Stone Soup version 0.25-a0-603-g0321be95db (webtiles) character file.

Game seed: 5473247284361715033, levelgen mode: deterministic

76 Notrik the Skirmisher (level 4, -2/38 HPs)
             Began as a Demonspawn Fighter on Mar 16, 2020.
             Killed by divine providence
             ... invoked by an orc priest
              (16 damage)
             ... on level 3 of the Dungeon.
             The game lasted 00:03:54 (1533 turns).

Notrik the Skirmisher (Demonspawn Fighter)          Turns: 1533, Time: 00:03:56

Health: -2/38      AC:  6    Str: 17    XL:     4   Next: 12%
Magic:  4/4        EV:  7    Int:  9    God:
Gold:   112        SH:  8    Dex: 13    Spells: 3/3 levels left

rFire    . . .     SeeInvis .   a - +0 flail
rCold    . . .     Gourm    .   c - +0 kite shield
rNeg     . . .     Faith    .   r - +0 ring mail (curse)
rPois    .         Spirit   .   (no helmet)
rElec    .         Reflect  .   (no cloak)
rCorr    .         Harm     .   t - +0 pair of gloves
MR       .....                  (no boots)
Stlth    +.........             (no amulet)
HPRegen  0.12/turn              (no ring)
MPRegen  0.09/turn              (no ring)

@: no status effects
A: spiny 1
a: no special abilities


You were on level 3 of the Dungeon.
You were not hungry.

You visited 1 branch of the dungeon, and saw 3 of its levels.

You collected 112 gold pieces.

Inventory:

Hand Weapons
 a - a +0 flail (weapon)
Armour
 b - a +0 scale mail
 c - a +0 kite shield (worn)
 r - a cursed +0 ring mail (worn)
   (You found it on level 2 of the Dungeon)
 t - a +0 pair of gloves (worn)
   (You found it on level 2 of the Dungeon)
Jewellery
 f - an uncursed ring of magical power {unknown}
   (You found it on level 1 of the Dungeon)
 k - an uncursed ring of positive energy {unknown}
   (You found it on level 1 of the Dungeon)
Scrolls
 g - 2 scrolls of enchant weapon {unknown}
 h - 3 scrolls of enchant armour {unknown}
 i - 2 scrolls of remove curse {unknown}
 l - 2 scrolls of identify {unknown}
 n - 2 scrolls of teleportation {unknown}
 u - a scroll of immolation {unknown}
Potions
 d - a potion of might
 j - a potion of cancellation {unknown}
 o - a potion of curing {unknown}
 p - a potion of lignification {unknown}
 q - a potion of brilliance {unknown}
 s - a potion of flight {unknown}
 v - a potion of invisibility {unknown}
Comestibles
 e - 2 rations {!d}
 m - 3 chunks of flesh


   Skills:
 + Level 4.9 Fighting
 - Level 2.0 Maces & Flails
 - Level 2.6 Armour
 - Level 2.6 Shields


You had 3 spell levels left.
You didn't know any spells.
Your spell library was empty.

Dungeon Overview and Level Annotations

Branches:
Dungeon (3/15)

Altars:


Innate Abilities, Weirdness & Mutations

You are partially covered in sharp spines.


Message History

An orc comes into view. It is wielding a +0 short sword.
The orc shouts!
You hear a shout!
A hobgoblin comes into view.
You hear a shout!
The orc priest invokes the aid of Beogh against you.
Pain shoots through your body!
You hit the hobgoblin.
The hobgoblin hits you but does no damage.
You block the hobgoblin's attack.
You thump the hobgoblin!
You kill the hobgoblin!
The orc hits you but does no damage.
You sock the orc!
You kill the orc!
The orc priest hits you but does no damage.
You barely miss the orc priest. You block the orc priest's attack.
You thump the orc priest! You block the orc priest's attack.
The orc priest casts a cantrip, but nothing happens.
Your shield and ring mail prevent you from hitting the orc priest.
You block the orc priest's attack.
You closely miss the orc priest.
The orc priest hits you with a +0 dagger.
You barely miss the orc priest.
The orc priest hits you with a +0 dagger.
The orc priest closely misses you.
You closely miss the orc priest.
The orc priest hits you with a +0 dagger.
The orc hits you from afar with a +0 trident.
You closely miss the orc priest. The orc priest completely misses you.
You block the orc's attack.
The orc priest hits you but does no damage.
You barely miss the orc priest. The orc hits you but does no damage.
You block the orc priest's attack. You block the orc's attack.
You closely miss the orc priest. You block the orc priest's attack.
The orc hits you from afar with a +0 trident.
* * * LOW HITPOINT WARNING * * *
Your shield and ring mail prevent you from hitting the orc priest.
The orc priest calls down the wrath of Beogh upon you.
Pain shoots through your body!
* * * LOW HITPOINT WARNING * * *
The orc barely misses you.
The orc priest hits you but does no damage.
Your shield prevents you from hitting the orc priest.
You block the orc's attack. You block the orc priest's attack.
The orc hits you from afar with a +0 trident.
* * * LOW HITPOINT WARNING * * *
You barely miss the orc priest.
The orc priest calls down the wrath of Beogh upon you.
Beogh smites you!
You die...

... ... ##.## .. .... #o
... .#### ... ####....###
###### #.# #oo........
.....# #.# #o#.......#
####.# #.## #@#.8...8.#
...#'###..# #.#.......#
..........## .#.#o......#
<..........###.#.#.......#
..#......#.....#.#.8...8.#
.........#.....#.#.......#
..########.....#.# oo.#
..# ##.#..#.##


oo# # ..# #)...#..#######..# You could see an orc priest and 2 orcs.

Vanquished Creatures
  An adder (D:3)
  A shadow imp (D:2)
  3 dart slugs
  2 leopard geckos (D:2)
  An orc (D:3)
  9 bats
  4 giant cockroaches
  3 goblins
  7 hobgoblins
  2 quokkas (D:2)
  3 frilled lizards
  5 kobolds
  7 rats
48 creatures vanquished.

Notes
Turn   | Place    | Note
-------+----------+-------------------------------------------
     0 | D:1      | Notrik the Demonspawn Fighter began the quest for the Orb.
     0 | D:1      | Reached XP level 1. HP: 18/18 MP: 1/1
    66 | D:1      | Gained mutation: You are partially covered in sharp spines.
                  | [demonic ancestry]
    66 | D:1      | Reached XP level 2. HP: 24/24 MP: 2/2
   651 | D:2      | Reached skill level 4 in Fighting
   770 | D:2      | Reached XP level 3. HP: 28/30 MP: 3/3
  1468 | D:3      | Reached XP level 4. HP: 32/38 MP: 4/4
  1533 | D:3      | Killed from afar by an orc priest

Levels and vault maps discovered:
D:1:      saegor_arrival_simple_a, layout_basic, serial_forest,
          infiniplex_forest_clump_diagonal, infiniplex_forest_clump_small,
          infiniplex_forest_clump_small, infiniplex_forest_clump_large,
          infiniplex_forest_clump_medium, infiniplex_forest_lined_room_2,
          infiniplex_forest_lined_ring
D:2:      layout_basic, grunt_ministairs_3, minmay_misc_feat_alley
D:3:      cheibrodos_pilgrimage, layout_basic, fedhas_altar_4,
          eat_drink_and_be_merry_uskayaw, okawaru_altar_gauntlet_db,
          uniq_grinder

Skill      XL: |  1  2 |
---------------+-------+-----
Maces & Flails | 2 |  2.0
Fighting       | 4 |  4.9
Armour         | |  2.6
Shields        | |  2.6

Action                   |  1- 3 |  4- 6 || total
-------------------------+-------+-------++-------
Melee: Flail             |   119 |    16 ||   135
  Eat: Chunk             |     1 |     1 ||     2
Armor: Scale mail        |    34 |       ||    34
       Ring mail         |    31 |     4 ||    35
Dodge: Dodged            |    30 |     3 ||    33
Block: Kite shield       |    77 |    10 ||    87

Table legend:
 A = Non-vault XP
 B = Vault XP
 C = Vault XP percentage of total XP
 D = Non-vault monster count
 E = Vault monster count
 F = Vault count percentage of total count
                 A         B        C        D         E       F
            +---------+---------+-------+---------+---------+-------
      Total |     104 |       5 |   4.6 |      46 |       2 |   4.2
            +---------+---------+-------+---------+---------+-------
        D:1 |      26 |       0 |   0.0 |      15 |       0 |   0.0
        D:2 |      54 |       5 |   8.5 |      25 |       2 |   7.4
        D:3 |      24 |       0 |   0.0 |       6 |       0 |   0.0
            +---------+---------+-------+---------+---------+-------
